 Dungeon Crawl Stone Soup version 0.25-a0-589-g1e14c549ee (webtiles) character file.

Game seed: 13381291112435636986, levelgen mode: deterministic

7 vurker the Gusty (level 1, 0/8 HPs)
             Began as a Felid Air Elementalist on Mar 10, 2020.
             Slain by an ooze (5 damage)
             ... on level 1 of the Dungeon.
             The game lasted 00:00:25 (209 turns).

vurker the Gusty (Felid Air Elementalist)            Turns: 209, Time: 00:00:26

Health: 0/8        AC:  1    Str:  4    XL:     1   Next: 91%
Magic:  0/4        EV: 18    Int: 16    God:
Gold:   9          SH:  0    Dex: 16    Spells: 3/4 levels left
                                        Lives:  0   Deaths: 0

rFire    . . .     SeeInvis +   (weapon unavailable)
rCold    . . .     Gourm    .   (shield unavailable)
rNeg     . . .     Faith    .   (armour unavailable)
rPois    .         Spirit   .   (helmet unavailable)
rElec    .         Reflect  .   (cloak unavailable)
rCorr    .         Harm     .   (gloves unavailable)
MR       .....                  (boots unavailable)
Stlth    +++.......             (no amulet)
HPRegen  0.02/turn              (no ring)
MPRegen  0.09/turn              (no ring)

@: quick
A: very small, no armour, no weapons or thrown items, stealth, claws 1, fangs 3,
see invisible, carnivore, speed 1, shaggy fur 1, slow metabolism 1, sharp paws
a: no special abilities


You were on level 1 of the Dungeon.
You were not hungry.

You visited 1 branch of the dungeon, and saw 1 of its levels.

You collected 9 gold pieces.

Inventory:

Scrolls
 a - a scroll of enchant armour {unknown}
 b - a scroll of identify {unknown}
Potions
 c - 2 potions of stabbing {unknown}
Comestibles
 e - a ration


   Skills:
 + Level 0.4 Fighting
 - Level 2.6 Dodging
 - Level 2.6 Stealth
 * Level 2.2 Spellcasting
 + Level 1.0 Conjurations
 * Level 2.8 Air Magic


You had 3 spell levels left.
You knew the following spells:

 Your Spells              Type           Power        Failure   Level  Hunger
a - Shock                 Conj/Air       #...         9%          1    #......

Your spell library contained the following spells:

 Spells                   Type           Power        Failure   Level  Hunger
 Swiftness                Chrm/Air       #.......     17%         2    ###....
 Static Discharge         Conj/Air       #.......     26%         3    ###....
 Airstrike                Air            ##........   52%         4    #####..
 Lightning Bolt           Conj/Air       #.........   94%         5    ######.


Dungeon Overview and Level Annotations

Branches:
Dungeon (1/15)

Altars:


Innate Abilities, Weirdness & Mutations

You cannot wear armour.
You are incapable of wielding weapons or throwing items.
Your paws allow you to move quietly. (Stealth)
You have sharp claws.
You have razor-sharp teeth.
You have supernaturally acute eyesight. (SInv)
You are carnivorous and can eat meat at any time.
You cover ground quickly.
You are covered in fur. (AC +1)
You have a slow metabolism.
Your sharp claws are effective at attacking unaware monsters.


Message History

Aim: a hobgoblin You miscast Shock.
You are very lightly contaminated with residual magic.
Your skin glows momentarily.
Aim: a hobgoblin That beam is likely to hit you.
Continue anyway? [Y]es or [N]o only, please.
That beam is likely to hit you.
Continue anyway? [Y]es or [N]o only, please.
That beam is likely to hit you.
Continue anyway? [Y]es or [N]o only, please.
That beam is likely to hit you.
Continue anyway?
Okay, then.
An ooze comes into view.
Aim: a hobgoblin The zap hits the hobgoblin.
You don't have enough magic to cast that spell.
You scratch the hobgoblin but do no damage.
The hobgoblin closely misses you.
You scratch the hobgoblin. The hobgoblin misses you.
You scratch the hobgoblin but do no damage.
The hobgoblin misses you.
You barely miss the hobgoblin. The hobgoblin hits you.
Ouch! That really hurt!
* * * LOW HITPOINT WARNING * * *
The rat twitches its whiskers.
The zap hits the hobgoblin but does no damage.
The zap misses the rat.
The zap hits the rat.
You kill the rat!
The zap hits the hobgoblin.
You don't have enough magic to cast that spell.
You scratch the hobgoblin.
You kill the hobgoblin!
Your magical contamination has completely faded away.
The ooze is too close now for your liking.
Aim: an ooze (hasn't noticed you)
The zap hits the ooze.
The ooze quivers.
Aim: an ooze (lightly wounded)
The zap misses the ooze.
Aim: an ooze (lightly wounded)
The zap hits the ooze.
Aim: an ooze (severely wounded)
The zap hits the ooze.
You don't have enough magic to cast that spell.
The ooze closely misses you.
You scratch the ooze but do no damage. The ooze barely misses you.
You scratch the ooze. The ooze hits you.
Ouch! That really hurt!
You die...

#.##.#..###.##
##....##.)# ...
######...#####..#..#
.(........# ##....#
#.######..# ##..#
#..### #....
#....#####.###.
##.#...##J.#
#.###.##@># #.#
#.##..# . #.#
#.##..# .. #.#
#.#...# r.. #.#
#...#.# .... ..
#..##.##### ..>..
#.........#......
#.###.###..# ..# #.#
##.#


You could see an ooze.

Vanquished Creatures
  3 goblins (D:1)
  A hobgoblin (D:1)
  A kobold (D:1)
  A rat (D:1)
6 creatures vanquished.

Notes
Turn   | Place    | Note
-------+----------+-------------------------------------------
     0 | D:1      | vurker the Felid Air Elementalist began the quest for the
                  | Orb.
     0 | D:1      | Reached XP level 1. HP: 7/7 MP: 4/4
    48 | D:1      | Reached skill level 1 in Conjurations
   209 | D:1      | Slain by an ooze

Levels and vault maps discovered:
D:1:      shiori_arrival_elements, layout_rooms, minmay_pentomino_z2

Skill      XL: |  1 |
---------------+----+-----
Conjurations   | 1 |  1.0
Fighting       | |  0.4
Dodging        | |  2.6
Stealth        | |  2.6
Spellcasting   | |  2.2
Air Magic      | |  2.8

Action                   || total
-------------------------++-------
Melee: Unarmed           ||     7
 Cast: Shock             ||    13
  Eat: Chunk             ||     1
Dodge: Dodged            ||     5

Table legend:
 A = Non-vault XP
 B = Vault XP
 C = Vault XP percentage of total XP
 D = Non-vault monster count
 E = Vault monster count
 F = Vault count percentage of total count
                 A         B        C        D         E       F
            +---------+---------+-------+---------+---------+-------
      Total |      11 |       0 |   0.0 |       6 |       0 |   0.0
            +---------+---------+-------+---------+---------+-------
        D:1 |      11 |       0 |   0.0 |       6 |       0 |   0.0
            +---------+---------+-------+---------+---------+-------
